 Dungeon Crawl Stone Soup version 0.27-a0-1448-g9c78c815f3 (console) character file.

Game seed: 5131971287830063700

95 MakMorn the Skirmisher (level 4, -9/37 HPs)
             Began as a Djinni Fighter on July 5, 2021.
             Mangled by a kobold (19 damage)
             ... on level 3 of the Dungeon.
             The game lasted 00:05:01 (2250 turns).

MakMorn the Skirmisher (Djinni Fighter)             Turns: 2250, Time: 00:05:02

Health: -9/37      AC:  9    Str: 15    XL:     4   Next: 97%
Gold:   72         EV:  6    Int: 10    God:
                   SH:  9    Dex: 13

rFire    + + .     SeeInvis .   a - +0 war axe
rCold    x . .     Faith    .   c - +1 kite shield
rNeg     . . .     Spirit   .   b - +0 scale mail
rPois    ∞         Reflect  .   (no helmet)
rElec    .         Harm     .   h - +0 cloak
rCorr    .         Rampage  .   p - +0 pair of gloves
Will     .....                  (boots unavailable)
Stlth    ..........             (no amulet)
HPRegen  0.12/turn              (no ring)
MPRegen  0.00/turn              (no ring)

@: weak-willed, flying
A: sickness immunity, fire resistance 2, cold vulnerability 1, float, innate
caster, hp casting, extra vitality 1
a: no special abilities


You were on level 3 of the Dungeon.
You visited 1 branch of the dungeon, and saw 3 of its levels.

You collected 114 gold pieces.
You spent 42 gold pieces at shops.

Inventory:

Hand Weapons
 a - a +0 war axe (weapon)
Missiles
 e - 47 stones (quivered)
 j - 13 poisoned darts
Armour
 b - a +0 scale mail (worn)
 c - a +1 kite shield (worn)
 h - a +0 cloak (worn)
 p - a +0 pair of gloves (worn)
Wands
 o - a wand of acid (2)
Scrolls
 g - a scroll of teleportation
Potions
 d - a potion of might
 f - a potion of curing
 k - a potion of attraction
 q - a potion of berserk rage


   Skills:
 + Level 3.7 Fighting
 * Level 3.4 Axes
 - Level 3.0 Armour
 - Level 3.0 Shields


You had 2 spell levels left.
You knew the following spells:

 Your Spells              Type           Power      Damage    Failure   Level
a - Corona                Hex            0%         N/A       100%        1
Your spell library was empty.


Dungeon Overview and Level Annotations

Branches:
Dungeon (3/15)

Altars:
Cheibriados

Shops:
D:3 ?

Annotations:
D:3 Jessica


Innate Abilities, Weirdness & Mutations

You are immune to sickness and miasma.
You are immune to poison.
Your flesh is very heat resistant. (rF++)
You are vulnerable to cold. (rC-)
You float through the air rather than walking.
You learn spells naturally, not from books.
Your magical power is your life essence.
You have superior vitality. (+4 HP)


Message History

As you read the scroll of identify, it crumbles to dust.
k - a potion of attraction
As you read the scroll of identify, it crumbles to dust.
q - a potion of berserk rage You swap places.
You swap places.
Found Zoheng's Magic Scroll Emporium.
Found a snail-covered altar of Cheibriados.
There is an entrance to Zoheng's Magic Scroll Emporium here.
g - a scroll of teleportation Thank you for shopping at Zoheng's Magic Scroll Emporium!
You reach down and open the door.
Jessica the Apprentice Sorceress comes into view.
She is wielding a +0 dagger.
Jessica shouts!
Jessica gestures wildly while chanting.
Jessica blinks!
Jessica moves out of view.
Press: ? - help, v - describe, . - travel A snail-covered altar of Cheibriados.
No target in view!
A kobold comes into view.
It is wielding a +0 whip of electrocution.
The kobold shouts!
The kobold moves out of view.
Jessica casts a spell.
Jessica blinks!
The kobold hits you but does no damage.
You are electrocuted!
You closely miss the kobold.
Your bat hits the kobold but does no damage.
You block the kobold's attack. x2
You hit the kobold.
The kobold is moderately wounded.
Your bat closely misses the kobold.
The kobold hits you but does no damage.
You are electrocuted!
Jessica points at you and mumbles some strange words.
Pain shoots through your body!
Your bat hits the kobold but does no damage.
The kobold hits you with a +0 whip of electrocution.
* * * LOW HITPOINT WARNING * * *
You are electrocuted!!
Ouch! That really hurt!
You die...

*,****,*,,,................,,,,,
*,,,,,,*,,,...............,,,,,,
*,****,*.,,.............#*,,,,,,
*,**,,,*..,,,...@.......#*,,,,,,
*,****,**#.#+*#.........#######*
*,* *,**#...##...##'##.......#
*,** *,,,...................#**
**,* *,***,##...w...∩.......# *,*
*,* *,*#._@..#####.##..###* *,*
*,* *,*#.Kr..#####.##.....,
***,***,***,*#.#b............#,**
,,,,,,,,,,,,...#.#.#####.###.#.#
***,,,,,,,....,................#
*,******#....#########.#######
*,* ###.#* #<# *,* *,* #.#
*,*********,* #.#


You could see Jessica, a kobold (ally target), a friendly dart slug (summoned,
weak-willed), a friendly bat (summoned, weak-willed) and a friendly rat
(summoned, weak-willed).

Vanquished Creatures
  Terence (D:2)
  2 adders (D:2)
  A worm (D:2)
  A dart slug (D:1)
  5 bats
  A bat skeleton (D:2)
  6 endoplasms
  A giant cockroach (D:1)
  4 goblins
  4 hobgoblins
  2 jackals (D:2)
  3 quokkas
  5 ball pythons
  2 frilled lizards
  A giant cockroach zombie (D:2)
  A kobold (D:2)
  5 rats
45 creatures vanquished.

Notes
Turn   | Place    | Note
-------+----------+-------------------------------------------
     0 | D:1      | MakMorn the Djinni Fighter began the quest for the Orb.
     0 | D:1      | Reached XP level 1. HP: 20/20 MP: 0/0
   186 | D:1      | Reached XP level 2. HP: 24/25 MP: 0/0
   660 | D:1      | Reached XP level 3. HP: 24/30 MP: 0/0
   660 | D:1      | Learned a level 1 spell: Corona
  1244 | D:2      | Reached XP level 4. HP: 33/35 MP: 0/0
  1895 | D:2      | Noticed Terence
  1904 | D:2      | Killed Terence
  2238 | D:3      | Found Zoheng's Magic Scroll Emporium.
  2240 | D:3      | Found a snail-covered altar of Cheibriados.
  2242 | D:3      | Bought a scroll of teleportation for 42 gold pieces
  2243 | D:3      | Noticed Jessica
  2250 | D:3      | Mangled by a kobold

Illustrated notes

Levels and vault maps discovered:
D:1:      lemuel_arrival_cross, layout_basic, minmay_pentomino_v2
D:2:      layout_loops_ring, serial_undead, serial_undead_e, serial_undead_a,
          serial_undead_d, serial_undead_c, minmay_fractal_squares_5,
          uniq_terence
D:3:      layout_basic, cheibriados_altar_1, lemuel_round_altar, serial_shops,
          shop, shapermc_ecumenical_altar_flowoftime, uniq_jessica, uniq_grinder

Skill      XL: |  1  2  3  4 |
---------------+-------------+-----
Axes           | 2 3 |  3.4
Fighting       | |  3.7
Armour         | |  3.0
Shields        | |  3.0

Action                   |  1- 3 |  4- 6 || total
-------------------------+-------+-------++-------
Melee: War axe           |    99 |    46 ||   145
  Use: Scroll            |       |     7 ||     7
Armor: Scale mail        |    59 |    22 ||    81
Dodge: Dodged            |    25 |    10 ||    35
Block: Kite shield       |    65 |    23 ||    88

Table legend: (Time is in decaauts)
 A = Elapsed time spent in this place.
 B = Non-inter-level travel time spent in this place.
 C = Inter-level travel time spent in this place.
 D = Time resting spent in this place.
 E = Time spent auto-exploring this place.
 F = Levels seen in this place.
 G = Mean time per level.
                   A        B        C        D        E       F      G
               +--------+--------+--------+--------+--------+-----+--------+
         Total |   2341 |   2237 |    104 |     41 |   1744 |   3 |  780.3 |
       Dungeon |   2341 |   2237 |    104 |     41 |   1744 |   3 |  780.3 |
               +--------+--------+--------+--------+--------+-----+--------+

Top non-repeatable levels by time:
     D:2: 1161 daAuts
     D:1: 1155 daAuts
     D:3: 25 daAuts
